[Event "79th LOTTO Polish-ch 2022"]
[Site "Kruszwica"]
[Date "2022.05.13"]
[Round "3.1"]
[White "Piorun, Kacper"]
[Black "Tomczak, Jacek"]
[Result "1/2-1/2"]
[ECO "A05"]
[WhiteElo "2635"]
[BlackElo "2584"]
[Annotator "TA"]
[PlyCount "60"]
[EventDate "2022.05.10"]
[EventType "k.o."]
[EventCountry "POL"]
[SourceTitle "playchess.com"]
[Source "ChessBase"]
[SourceQuality "1"]
[TimeControl "40/5400+30:1800+30"]

1. Nf3 Nf6 2. g3 g6 3. b3 Bg7 4. Bb2 b6 5. Bg2 Bb7 6. O-O O-O 7. d4 c5 8. dxc5 bxc5 9. c4 d6 {[%emt 0:01:32] A47: 1 d4 Nf6 2 Nf3 b6: Torre, London and Colle Systems.} 10. Nc3 Ne4 11. Qc1 Nxc3 12. Bxc3 Bxc3 13. Qxc3 Nd7 14. Rfe1 Nf6 {[%emt 0:01:38] [#]} 15. Qd3 $146 ({Predecessor:} 15. Nh4 Bxg2 16. Nxg2 a5 17. e4 a4 18. e5 dxe5 19. Rad1 Qb6 20. Qxe5 axb3 21. axb3 Rfe8 22. Rd3 Rad8 23. Rf3 Qc6 24. Rf4 Rd6 25. Qg5 Rb8 26. Rxe7 {½-½ (26) Prohaszka,P (2593)-Karavade,E (2409) Zalakaros 2016}) 15... Be4 16. Qd2 a5 17. Ng5 Bxg2 18. Kxg2 a4 19. Rab1 axb3 20. axb3 Ra3 21. e4 Qa8 22. Qd3 Rb8 23. Nf3 Nd7 24. Kg1 Qb7 25. Re3 Qc7 (25... f6 {with more complications.} 26. Qd5+ Kg7 27. g4 Nf8) 26. Qd2 Rb6 27. e5 {[%emt 0:11:54] The position is equal.} dxe5 {[%emt 0:01:55] Threatening ...f6.} 28. Qb2 $1 Rba6 {[%emt 0:07:16] Strongly threatening ...Ra2.} 29. Nxe5 Ra2 30. Qc3 Nxe5 {[%emt 0:00:45] Weighted Error Value: White=0.08 (flawless) /Black=0.06 (flawless)} 1/2-1/2

[Event "79th LOTTO Polish-ch 2022"]
[Site "Kruszwica"]
[Date "2022.05.13"]
[Round "3.1"]
[White "Licznerski, Lukasz"]
[Black "Teclaf, Pawel"]
[Result "1-0"]
[ECO "B42"]
[WhiteElo "2439"]
[BlackElo "2537"]
[Annotator "TA"]
[PlyCount "85"]
[EventDate "2022.05.10"]
[EventType "k.o."]
[EventCountry "POL"]
[SourceTitle "playchess.com"]
[Source "ChessBase"]
[SourceQuality "1"]
[TimeControl "40/5400+30:1800+30"]

1. e4 c5 2. Nf3 e6 3. d4 cxd4 4. Nxd4 a6 5. Bd3 Bc5 6. Nb3 Ba7 7. Qe2 Ne7 {[%emt 0:00:05] B42: Sicilian: Kan Variation: 5 Bd3.} 8. Be3 O-O 9. O-O {[%emt 0:03:28] 9.N1d2 is setting a new trend.} Nbc6 {[%emt 0:03:34] White is slightly better.} 10. Rd1 Qc7 11. c4 {[%emt 0:06:52] [#]} Ng6 $146 ({Predecessor:} 11... Ne5 12. Bxa7 Rxa7 13. Qe3 b6 14. Nc3 f5 15. Rac1 Ng4 16. Qg3 Qxg3 17. fxg3 fxe4 18. Nxe4 {1-0 (25) Bonehill,A (2159)-Lauer,R (2260) ICCF email 2013}) 12. Bxa7 Rxa7 13. Qe3 Qf4 (13... b6 $14) 14. Qxf4 $16 {[%emt 0:02:43] White now steadily converts the win.} Nxf4 15. Bf1 b6 16. Nc3 Rd8 17. Na4 Rb7 18. g3 Ng6 19. c5 b5 20. Nb6 Rc7 21. a4 bxa4 22. Rxa4 Nb8 23. Nc4 {[%emt 0:19:53] White is much more active. The black rooks are badly placed.} Ne7 24. Nd6 Nec6 (24... Rf8 $16 {was necessary.} 25. f4 f5) 25. Nd2 $18 a5 26. Nb3 Ba6 27. Nxa5 {[%emt 0:00:22] [#] Hoping for Bxa6.} Bxf1 28. Kxf1 ({Don't do} 28. Rxf1 $6 Nxa5 29. Rxa5 Nc6 $18) 28... Nxa5 29. Rxa5 Nc6 30. Ra2 Nb4 (30... h6 {might work better.} 31. Rda1 Kh7) 31. Ra4 Rb8 {[%emt 0:00:13] [#]} 32. Rda1 $1 h6 33. Ra8 {[%emt 0:00:23] White is clearly winning.} Rxa8 34. Rxa8+ {[%emt 0:00:02][%mdl 4096] Endgame KRN-KRN} Kh7 35. Ra4 Nc6 36. b4 Nd4 37. Nxf7 Nb5 38. Ra6 d5 39. Nd6 Nc3 (39... Nd4 $142 40. exd5 exd5) 40. c6 d4 41. b5 d3 42. Ke1 {[%emt 0:00:21] Strongly threatening Kd2.} Nb1 43. Ra1 {[%emt 0:00:33] Weighted Error Value: White=0.06 (flawless) /Black=0.24 (precise)} 1-0

[Event "79th LOTTO Polish-ch 2022"]
[Site "Kruszwica"]
[Date "2022.05.13"]
[Round "3.1"]
[White "Kosakowski, Jakub"]
[Black "Gajewski, Grzegorz"]
[Result "0-1"]
[ECO "B92"]
[WhiteElo "2435"]
[BlackElo "2589"]
[Annotator "TA"]
[PlyCount "64"]
[EventDate "2022.05.10"]
[EventType "k.o."]
[EventCountry "POL"]
[SourceTitle "playchess.com"]
[Source "ChessBase"]
[SourceQuality "1"]
[TimeControl "40/5400+30:1800+30"]

1. e4 c5 2. Nf3 d6 3. d4 cxd4 4. Nxd4 Nf6 5. Nc3 a6 6. Be2 e5 7. Nb3 Be7 8. O-O O-O 9. Re1 Be6 {[%emt 0:00:10] B92: Sicilian Najdorf: 6 Be2.} 10. Bf3 Nbd7 11. a4 Rc8 {[%emt 0:02:42] The position is equal.} 12. Nd2 Qc7 13. Nf1 Rfe8 $5 {[%emt 0:02:52][%mdl 4] A promising side line.} 14. Ne3 {[%emt 0:02:40] [#]} Qc5 $146 ({Predecessor:} 14... Nb6 15. a5 Nc4 16. Nxc4 Qxc4 17. Bg5 h6 18. Bxf6 Bxf6 19. Bg4 Qb4 20. Nd5 Bxd5 21. Bxc8 Bxe4 {½-½ (68) Hansen,T (2410)-Aulin Jansson,J (2273) Drammen 2018}) 15. Bd2 Bd8 16. Ncd5 Bxd5 17. b4 Qa7 18. exd5 ({Of course not} 18. Nxd5 Nxd5 19. exd5 Bb6 $15) 18... a5 19. c3 (19. Nf5 {feels hotter.} e4 20. Be2 Bb6 21. Rf1) 19... Bb6 20. Be2 g6 21. Bb5 Red8 22. bxa5 Bc5 23. Qf3 {[%emt 0:02:05] Against Ne4} Qxa5 {[%emt 0:04:13] [#]} 24. Nf5 $1 gxf5 $11 25. Qxf5 {[%emt 0:00:13] Strongly threatening Bg5.} Qc7 (25... Kh8 $2 26. Bg5 Qxc3 27. Bxf6+ Nxf6 28. Qxf6+ Kg8 29. Qg5+ Kh8 30. Rac1 $18) 26. Bh6 {[%emt 0:23:28][%mdl 1024] Threatening mate with Qg5+. White has compensation.} (26. Bg5 $5 Ne8 27. Bh6 $11 (27. Bxd8 Rxd8 28. Qg5+ Ng7 $15)) 26... Kh8 27. Bg5 $36 {[%emt 0:00:02][%mdl 2048] White has the initiative. A strong pair of Bishops.} ({Wrong is} 27. Bxd7 $2 Nxd7 28. Bg5 Rg8 $19) 27... Ng8 {[%emt 0:04:28] aiming for ...f6.} 28. Re4 $2 {[%emt 0:05:05] [#]} (28. Bxd7 $11 Rxd7 29. Bf6+ Nxf6 30. Qxf6+ Kg8 31. Re4) 28... f6 $1 $19 29. Rh4 {[%emt 0:02:17][%csl Gf5][%cal Rh4h7] [#]} Nf8 30. Bh6 (30. Bxf6+ {was worth a try.} Nxf6 31. Qxf6+ Qg7 32. Qxg7+ Kxg7 33. Bd3) 30... Ng6 {[%emt 0:02:00] Black is winning.} 31. Rh3 Nxh6 32. Rxh6 Qg7 {[%emt 0:00:46] Weighted Error Value: White=0.28 (precise) /Black=0.05 (flawless)} 0-1

[Event "79th LOTTO Polish-ch 2022"]
[Site "Kruszwica"]
[Date "2022.05.13"]
[Round "3.1"]
[White "Szpar, Milosz"]
[Black "Bartel, Mateusz"]
[Result "1/2-1/2"]
[ECO "C84"]
[WhiteElo "2434"]
[BlackElo "2619"]
[Annotator "TA"]
[PlyCount "49"]
[EventDate "2022.05.10"]
[EventType "k.o."]
[EventCountry "POL"]
[SourceTitle "playchess.com"]
[Source "ChessBase"]
[SourceQuality "1"]
[TimeControl "40/5400+30:1800+30"]

1. e4 e5 2. Nf3 Nc6 3. Bb5 a6 4. Ba4 Nf6 5. O-O Be7 6. d3 d6 7. c3 O-O 8. Re1 b5 9. Bc2 Re8 10. Nbd2 {[%emt 0:02:09] C84: Closed Ruy Lopez: Unusual White 6th moves.} Bf8 11. Nf1 h6 12. a4 {[%emt 0:02:31] Black should prevent axb5. White has an edge.} b4 13. a5 Rb8 {[%emt 0:02:49] [#]} 14. Ba4 $146 ({Predecessor:} 14. Ng3 Bd7 15. Bd2 d5 16. exd5 Nxd5 17. Bb3 bxc3 18. bxc3 Nf6 19. h3 Rb5 20. Qc2 {½-½ (32) Cadillon Costa,L (2369)-Cumming,D (2369) ICCF email 2020}) 14... Bd7 15. Ne3 Na7 16. Bb3 bxc3 17. bxc3 Nb5 18. Bd2 c6 19. h3 Rb7 20. Qc2 Bc8 21. Qa2 Nh5 22. Ng4 Nf6 (22... Nf4 $11 {remains equal.}) 23. Ne3 {[%emt 0:03:03] White is more active.} (23. Nxf6+ $16 Qxf6 24. c4) 23... Nh5 $11 24. Ng4 Nf6 (24... Nf4 $11) 25. Ne3 {[%emt 0:02:37] Weighted Error Value: White=0.21 (precise) /Black=0.19 (very precise)} (25. c4 $14 Bxg4 26. cxb5 (26. hxg4 Nd4 $11) 26... Bxf3 27. bxc6 Rxb3 28. Qxb3) 1/2-1/2

[Event "79th LOTTO Polish-ch 2022"]
[Site "Kruszwica"]
[Date "2022.05.14"]
[Round "4.1"]
[White "Wojtaszek, Radoslaw"]
[Black "Moranda, Wojciech"]
[Result "1/2-1/2"]
[ECO "E42"]
[WhiteElo "2696"]
[BlackElo "2630"]
[Annotator "TA"]
[PlyCount "111"]
[EventDate "2022.05.10"]
[EventType "k.o."]
[EventCountry "POL"]
[SourceTitle "playchess.com"]
[Source "ChessBase"]
[SourceQuality "1"]
[TimeControl "900+10"]

1. d4 Nf6 2. c4 e6 3. Nc3 Bb4 4. e3 c5 5. Nge2 d5 6. a3 Ba5 7. dxc5 {[%emt 0:00:18] Black must now prevent b4.} dxc4 {[%emt 0:00:01] E42: Nimzo-Indian: Rubinstein: 4...c5 5 Ne2.} 8. Bd2 Nbd7 9. Ng3 Nxc5 {[%emt 0:00:11][%cal Ob7b5] The position is equal.} 10. Bxc4 {[%emt 0:00:09] [#] Strongly threatening b4.} Bc7 11. Qc2 O-O {[%emt 0:00:18] [#]} 12. O-O $146 ({Predecessor:} 12. Rd1 Qe7 13. b4 Ncd7 14. Nce4 b6 15. Bd3 Nd5 16. Nc3 N5f6 17. Nb5 Ne5 18. Be2 {½-½ (41) Amico,R (2390)-Kilichenko,A (2363) ICCF email 2013}) 12... b6 13. Nb5 Bb8 14. b4 Ncd7 15. Rac1 a6 16. Nd4 Bb7 {[%emt 0:00:05] Prevents Nc6.} 17. Be2 (17. Bxe6 $5 fxe6 18. Nxe6 $11) 17... Bxg3 18. hxg3 Rc8 19. Qb2 b5 20. Rxc8 Qxc8 21. Rc1 Qa8 (21... Qb8 $11) 22. f3 $14 {[%emt 0:00:11] White is more active.} Nb6 23. e4 Rc8 24. Nb3 Rxc1+ 25. Qxc1 Qc8 {[%emt 0:00:18] Inhibits Qc7.} 26. Nc5 Nfd7 27. Nxb7 Qxb7 28. Qc3 Qc8 29. Qxc8+ Nxc8 {[%emt 0:00:02][%mdl 4096] Endgame KBB-KNN} 30. a4 Nd6 31. a5 (31. axb5 $14 axb5 32. Be3) 31... f6 $11 32. Kf2 Kf7 33. Ke3 Ne5 34. Kd4 {[%emt 0:00:15] [#] Hoping for Bf4.} Nb7 35. f4 Nc6+ 36. Kd3 Nd6 37. Bc3 e5 38. Bd1 {[%emt 0:00:08] aiming for Bb3+.} Nc8 39. Bb3+ Ke8 40. Be6 N8e7 41. Bd2 Kd8 42. Kc3 Nd4 43. Bg4 h6 44. Be3 Nec6 45. Bf2 Kc7 46. Bh5 Kd8 47. Bd1 Kc7 48. Be1 Kd6 49. Kd3 Ke7 50. Bh5 Kd8 51. Bf7 Ke7 52. Bd5 Kd6 53. Bc3 Kc7 54. g4 g5 55. f5 Kb8 56. Bd2 {Weighted Error Value: White=0.03 (flawless) /Black=0.04 (flawless)} 1/2-1/2

[Event "79th LOTTO Polish-ch 2022"]
[Site "Kruszwica"]
[Date "2022.05.14"]
[Round "4.1"]
[White "Moranda, Wojciech"]
[Black "Wojtaszek, Radoslaw"]
[Result "1/2-1/2"]
[ECO "C84"]
[WhiteElo "2630"]
[BlackElo "2696"]
[Annotator "TA"]
[PlyCount "177"]
[EventDate "2022.05.10"]
[EventType "k.o."]
[EventCountry "POL"]
[SourceTitle "playchess.com"]
[Source "ChessBase"]
[SourceQuality "1"]
[TimeControl "40/5400+30:1800+30"]

1. e4 e5 2. Nf3 Nc6 3. Bb5 a6 4. Ba4 Nf6 5. O-O Be7 6. d3 b5 7. Bb3 d6 8. a3 O-O 9. Nc3 Rb8 10. h3 Na5 11. Ba2 c5 12. Nd5 Nxd5 13. Bxd5 Bb7 14. Bxb7 Rxb7 15. c3 Nc6 16. a4 b4 17. Qb3 Qd7 18. Qd5 Bf6 19. Be3 Rc8 20. Nd2 Ne7 21. Qc4 Qc6 22. Rfc1 d5 23. exd5 Nxd5 24. Ne4 Be7 25. Bd2 bxc3 26. bxc3 h6 27. Rcb1 Rcb8 28. Rxb7 Rxb7 29. Re1 Rc7 30. Ng3 Qe6 31. Rb1 Rc8 (31... Rd7 {looks sharper.} 32. Rb8+ Kh7 33. Qe4+ Qg6) 32. Rb7 Ra8 ({Black should play} 32... Rd8 $14) 33. a5 (33. Qg4 $1 $16 {[%cal Rg4e6] And now Qxe6 would win.} Qxg4 34. hxg4) 33... Bf8 34. Qg4 (34. Nf1 $14) 34... Qxg4 35. hxg4 Nf6 36. g5 hxg5 37. Bxg5 Nd5 38. Bd2 Rd8 39. Ra7 Nf4 40. Bxf4 exf4 41. Ne4 Rxd3 42. Rxa6 Rd1+ 43. Kh2 f6 (43... Re1 $14 44. f3 g6) 44. Rc6 Ra1 45. a6 c4 46. f3 (46. Rxc4 $6 Rxa6 47. g3 fxg3+ 48. Kxg3 Kf7 $11) (46. Nd2 $14) 46... Be7 (46... Kf7 $1 $11) 47. g4 (47. Rc7 $16 Kf7 48. Nc5) 47... fxg3+ 48. Kxg3 f5 (48... Kf7 $14) 49. Nd2 $16 Bf6 (49... g5 $16 {keeps fighting.} 50. Nxc4 Kf8) 50. Nxc4 Bxc3 51. Kf4 Bd4 52. Kxf5 Kh7 53. Nd6 Bg1 54. Ne4 Ra5+ 55. Kg4 Kg8 56. Ng5 Kf8 57. Re6 Bd4 $2 (57... Bh2 $16 58. f4 Ra4) 58. Kh5 $18 Bf6 59. f4 Be7 60. Kg6 $1 Ke8 61. f5 Kd7 62. Ne4 Ba3 $2 (62... Bb4 63. Rb6 (63. Kxg7 Rxf5 64. Rb6 Ba3 $11) 63... Bf8) 63. Ng3 $2 (63. Kxg7 Rxf5 64. Rh6 Bf8+ 65. Kg6 Bxh6 $11) (63. Nd2 $1 $18 {[%cal Rd2c4] Threatens to win with Nc4.} Rc5 64. Nb3 (64. Kxg7 Rxf5 65. Rg6 Bb2+ 66. Kh7 Rh5+ 67. Rh6 Rxh6+ 68. Kxh6 Bd4 $11)) 63... Bd6 $11 64. Ne4 (64. Nh5 $5 Rxa6 65. Nxg7 $16) 64... Bf4 {[%emt 0:00:04] [#]} (64... Ba3 $1 $11 {remains equal.}) 65. Ng5 (65. Kxg7 $6 Rxf5 66. Rf6 (66. Rb6 Kc7 $11) 66... Rxf6 67. Kxf6 Kc6 $11) (65. Nf2 $1 $16 ) 65... Bd6 $2 {[%emt 0:00:32][%mdl 8192] [#]} ({Black should try} 65... Ra3 $14) 66. Nf7 $2 ({White has to play} 66. Nf3 $1 $18) 66... Bc7 67. Kg5 ({Much worse is} 67. Kxg7 $6 Rxf5 68. Rg6 Ra5 $11) ({Better is} 67. Re3 $16) 67... Ra3 $11 68. Kg6 (68. Kh5 $11) 68... Ra5 $1 $14 69. Kg5 ({Much weaker is} 69. Kxg7 Rxf5 70. Rg6 Ra5 $11) (69. Re3 $14) 69... Ra3 $11 70. Kh5 Ra5 (70... Ra1 $1 $11) 71. Kg6 $16 Bb8 72. Re4 Bc7 73. Ng5 ({But not} 73. Kxg7 Rxf5 74. Ra4 Ke6 $14) (73. Re3 $16) 73... Rxa6+ $11 74. Kxg7 Bd8 75. Rd4+ Ke8 76. Ne6 Ra7+ 77. Kg6 Be7 78. Ng7+ Kf8 79. Re4 (79. Rc4 $5 Ra6+ 80. Ne6+ Ke8 81. Rc7 $16) 79... Ra1 80. Ne6+ Ke8 81. Nc7+ Kf8 $1 82. Rg4 Rd1 83. Rg2 Rc1 84. Nd5 Rc6+ 85. Kh7 Bf6 86. Ra2 Bg5 87. Ra8+ Kf7 88. Ra7+ Kf8 89. Ra8+ 1/2-1/2

[Event "79th LOTTO Polish-ch 2022"]
[Site "Kruszwica"]
[Date "2022.05.14"]
[Round "4.1"]
[White "Bartel, Mateusz"]
[Black "Szpar, Milosz"]
[Result "0-1"]
[ECO "D27"]
[WhiteElo "2619"]
[BlackElo "2434"]
[Annotator "TA"]
[PlyCount "72"]
[EventDate "2022.05.10"]
[EventType "k.o."]
[EventCountry "POL"]
[SourceTitle "playchess.com"]
[Source "ChessBase"]
[SourceQuality "1"]
[TimeControl "40/5400+30:1800+30"]

1. d4 d5 2. Nf3 Nf6 3. c4 dxc4 4. e3 e6 5. Bxc4 c5 6. O-O a6 7. Be2 {[%emt 0:00:04] D27: Queen's Gambit Accepted: Classical main line: 7 e4!? and 7 a4.} cxd4 8. Nxd4 Be7 9. Nd2 {[%emt 0:14:35] The position is equal.} O-O (9... e5 $5 10. N4f3 Nc6 $11) 10. b3 Bd7 11. Bb2 Nc6 12. N4f3 Rc8 13. Qb1 {[%emt 0:02:31] [#]} Nb4 $146 ({Predecessor:} 13... Nd5 14. a3 Bf6 15. Ne4 Bxb2 16. Qxb2 h6 17. Rac1 Qe7 18. h3 Rfd8 19. Rfd1 Be8 {½-½ (26) Panitevsky,I (2535)-Emelyanov,M (2533) ICCF email 2019}) 14. a3 Nbd5 15. Rd1 Qc7 (15... Nc3 16. Bxc3 Rxc3 17. Bc4 $16) 16. Bd3 Bb5 17. Nc4 Bxc4 18. bxc4 Nb6 19. Be5 {[%emt 0:15:42] This bishop pair is nice.} Qc6 20. Nd4 Qc5 21. Bg3 Rfd8 22. h3 Rd7 23. Rc1 Na4 24. Be2 Bd6 25. Bd1 Bxg3 26. Bxa4 Rxd4 27. exd4 Qxd4 28. Qxb7 (28. Ra2 $15) 28... Bxf2+ $19 29. Kf1 ({Much worse is} 29. Kh1 Rf8 30. Qf3 (30. Qxa6 $2 Ne4 $19) 30... Ne4) 29... Rf8 {[%emt 0:01:03][%mdl 1024] Black has strong compensation. Chess con chili.} 30. Rd1 {[%emt 0:00:35] [#]} Qh4 ({Weaker is} 30... Qxc4+ 31. Kxf2 Qxa4 32. Qf3 $11) 31. Qf3 {[%emt 0:01:32] [#]} Ne4 $40 {[%emt 0:05:32][%mdl 128] Black is up to no good.} ({Inferior is} 31... Qxc4+ 32. Kxf2 Qxa4 33. Kg1 $11) ({Black should play} 31... Ba7 $1 $19 32. Bc2 Qxc4+ 33. Bd3 Qc5) 32. g4 $2 (32. Qg4 $15) 32... f5 {[%emt 0:01:45][%cal Of5g4] Threatens to win with ...fxg4! Black is clearly winning.} 33. Bd7 {[%emt 0:00:18] [#]} Ng5 34. Bxe6+ Nxe6 35. gxf5 Ba7 36. Rd2 Nd4 {[%emt 0:00:20] Weighted Error Value: White=0.52/Black=0.17 (very precise)} 0-1

[Event "79th LOTTO Polish-ch 2022"]
[Site "Kruszwica"]
[Date "2022.05.14"]
[Round "4.1"]
[White "Gajewski, Grzegorz"]
[Black "Kosakowski, Jakub"]
[Result "1/2-1/2"]
[ECO "E92"]
[WhiteElo "2589"]
[BlackElo "2435"]
[Annotator "TA"]
[PlyCount "85"]
[EventDate "2022.05.10"]
[EventType "k.o."]
[EventCountry "POL"]
[SourceTitle "playchess.com"]
[Source "ChessBase"]
[SourceQuality "1"]
[TimeControl "40/5400+30:1800+30"]

1. d4 Nf6 2. c4 g6 3. Nc3 Bg7 4. e4 d6 5. Nf3 O-O 6. Be2 e5 7. dxe5 dxe5 8. Qxd8 Rxd8 9. Bg5 Re8 10. Nd5 Nxd5 11. cxd5 c6 12. Bc4 b5 13. Bb3 Bb7 14. Rc1 h6 {[%emt 0:09:51] E92: King's Indian: Classical: 6 Be2 e5: 7 dxe5, 7 Be3 and Petrosian System without 7...Nbd7.} 15. Be3 Rc8 16. O-O Nd7 17. dxc6 Bxc6 {[%emt 0:01:46] [#]} 18. Rxc6 $1 Rxc6 19. Bd5 Rac8 {[%emt 0:00:17] Strongly threatening ...R6c7.} 20. Bxc6 Rxc6 21. Rd1 {[%emt 0:05:00] [#]} Rc7 $146 ({Predecessor:} 21... Nb6 22. Rc1 Rxc1+ 23. Bxc1 a6 24. Kf1 f6 25. Ke2 Kf7 26. Kd3 Na4 27. Kc2 Nc5 {0-1 (58) Gonzalez,A (1740)-Benitez Galeano,A (2121) Asuncion 2018}) 22. Kf1 Nf6 23. Nxe5 Nxe4 24. Nd3 (24. Rd8+ $14 Kh7 25. Nd3) 24... Rc2 {[%emt 0:17:30] The position is equal.} 25. Rc1 Rxc1+ 26. Bxc1 $11 {[%emt 0:00:07][%mdl 4096] Endgame KBN-KBN} Kf8 27. Ke2 Ke7 28. Be3 a5 29. Bb6 a4 30. f3 Ng5 31. b3 axb3 32. axb3 Ne6 33. Kd2 Kd6 34. Be3 h5 35. Nf4 Nd8 36. g4 hxg4 37. fxg4 Nc6 38. h4 Ne5 39. h5 $1 Nxg4 40. hxg6 fxg6 41. Nxg6 Ke6 42. Nf4+ Kf5 43. Nd3 {[%emt 0:00:27] Weighted Error Value: White=0.05 (flawless) /Black=0.04 (flawless)} 1/2-1/2

[Event "79th LOTTO Polish-ch 2022"]
[Site "Kruszwica"]
[Date "2022.05.14"]
[Round "4.1"]
[White "Tomczak, Jacek"]
[Black "Piorun, Kacper"]
[Result "1/2-1/2"]
[ECO "C11"]
[WhiteElo "2584"]
[BlackElo "2635"]
[Annotator "TA"]
[PlyCount "64"]
[EventDate "2022.05.10"]
[EventType "k.o."]
[EventCountry "POL"]
[SourceTitle "playchess.com"]
[Source "ChessBase"]
[SourceQuality "1"]
[TimeControl "40/5400+30:1800+30"]

1. e4 e6 2. d4 d5 3. Nc3 Nf6 4. e5 Nfd7 5. f4 c5 6. Nf3 Nc6 7. Be3 a6 8. Qd2 b5 9. a3 Qa5 {[%emt 0:00:56] C11: French: Classical System: 4 e5 and 4 Bg5 dxe4.} 10. dxc5 Bxc5 11. Bxc5 Nxc5 12. Nd4 Nxd4 13. Qxd4 Na4 14. b4 Qb6 15. Qxb6 Nxb6 16. a4 d4 17. Ne4 bxa4 18. O-O-O {[%emt 0:09:02] [#]} Bd7 $146 (18... Ke7 $11 {keeps the balance.}) ({Predecessor:} 18... Nd5 19. Rxd4 Ke7 20. g3 Rd8 21. Bd3 Rb8 22. c3 Bb7 23. Kd2 Bc6 24. Rc1 Nxb4 25. cxb4 Rxd4 26. Rxc6 Rbxb4 {½-½ (52) Teeriaho,T (2330)-Laine,J (2277) ICCF email 2016}) 19. Rxd4 {[%emt 0:01:26] White is much more active. The black rooks are badly placed.} Ke7 20. Nc5 (20. Kb2 $16) 20... Bb5 $1 $11 21. c4 Bc6 22. Kb2 Rhc8 $1 23. Nd3 Be8 24. Nf2 ({Much weaker is} 24. Nc5 a5 25. bxa5 Rxa5 $17) 24... f6 {[%emt 0:04:09] The position is equal.} 25. exf6+ gxf6 26. Be2 e5 27. fxe5 fxe5 28. Re4 {[%emt 0:02:06] [#] Black must now prevent Ng4.} Bg6 $1 29. Rxe5+ Kd6 30. Rc5 Rxc5 31. Rd1+ Rd5 32. cxd5 a5 {[%emt 0:00:28] Weighted Error Value: White=0.08 (flawless) /Black=0.07 (flawless)} 1/2-1/2

[Event "79th LOTTO Polish-ch 2022"]
[Site "Kruszwica"]
[Date "2022.05.14"]
[Round "4.1"]
[White "Teclaf, Pawel"]
[Black "Licznerski, Lukasz"]
[Result "1/2-1/2"]
[ECO "D10"]
[WhiteElo "2537"]
[BlackElo "2439"]
[Annotator "TA"]
[PlyCount "119"]
[EventDate "2022.05.10"]
[EventType "k.o."]
[EventCountry "POL"]
[SourceTitle "playchess.com"]
[Source "ChessBase"]
[SourceQuality "1"]
[TimeControl "40/5400+30:1800+30"]

1. d4 d5 2. c4 c6 3. cxd5 cxd5 4. Bg5 Nc6 5. Nc3 f6 6. Bd2 {[%emt 0:00:12] D10: Slav Defence: 3 cxd5 (without early Nf3) and 3 Nc3.} e6 7. Nf3 f5 {[%emt 0:00:55] [#] Prevents e4.} 8. Rc1 $146 ({Predecessor:} 8. Ne5 Nge7 9. Qa4 Bd7 10. Nxd7 Qxd7 11. e3 Nc8 12. g4 Nb6 13. Qd1 g6 14. gxf5 exf5 {1-0 (40) Tristan,L (2496)-Toniutti,E (2301) Buenos Aires 2018}) 8... Bd6 9. Bg5 Nf6 10. e3 h6 11. Bf4 Bxf4 12. exf4 O-O 13. Bb5 Qd6 14. Bxc6 Qxc6 15. O-O Qd6 16. Ne5 Bd7 {[%emt 0:00:08] Prevents Nb5.} 17. Qb3 Rfc8 18. Nb1 {[%emt 0:02:23] Pair of Knights!} ({Don't blunder} 18. Qxb7 $2 Rcb8 19. Nb5 Qb4 $19) 18... Rc7 19. Rxc7 Qxc7 20. Nc3 b6 21. Qa3 Be8 22. Rc1 Rc8 23. f3 Qb7 24. Re1 {[%emt 0:03:09] Threatens to win with Qd6.} Qc7 {[%emt 0:00:53] Prevents Qd6.} 25. Rc1 Qb7 26. Qd6 {[%emt 0:00:20] White is more active.} Bf7 27. a4 (27. Ne2 $5 ) 27... Ne8 28. Qa3 Qb8 29. Qe7 Qc7 30. Qxc7 Rxc7 31. Kf2 a5 32. Ke2 Nd6 33. b3 Be8 (33... b5 $5) 34. Kd2 Kf8 35. Re1 Ke7 36. h3 Kf6 37. Nd3 g5 {[%emt 0:00:44] The position is equal.} 38. Ne2 Rc8 39. Nc3 Rc7 40. Rh1 Rg7 41. g4 Rg8 42. Ne2 b5 43. Nc5 bxa4 44. bxa4 Nc4+ 45. Kc2 Nb6 46. Kb3 Bc6 47. h4 {[%emt 0:05:23] [#] Hoping for hxg5+.} fxg4 {[%emt 0:04:55] Strongly threatening ...gxh4.} 48. hxg5+ hxg5 49. Rh6+ Rg6 50. fxg5+ (50. Rxg6+ {looks sharper.} Kxg6 51. fxg4 Bd7 52. fxg5 Kxg5 53. Nc3) 50... Kxg5 51. Rxg6+ Kxg6 52. fxg4 $11 {[%emt 0:00:04][%mdl 4096] Endgame KBN-KNN} Kg5 53. Nxe6+ Kxg4 54. Nc3 Kf3 55. Nd8 Bd7 56. Nb7 Ke3 57. Nxa5 Kxd4 58. Kb4 Nxa4 59. Nb3+ Ke5 60. Nxa4 {[%emt 0:00:12] Weighted Error Value: White=0.05 (flawless) /Black=0.04 (flawless)} 1/2-1/2

[Event "79th LOTTO Polish-ch 2022"]
[Site "Kruszwica"]
[Date "2022.05.14"]
[Round "4.1"]
[White "Gumularz, Szymon"]
[Black "Socko, Bartosz"]
[Result "1/2-1/2"]
[ECO "D20"]
[WhiteElo "2513"]
[BlackElo "2636"]
[Annotator "TA"]
[PlyCount "77"]
[EventDate "2022.05.10"]
[EventType "k.o."]
[EventCountry "POL"]
[SourceTitle "playchess.com"]
[Source "ChessBase"]
[SourceQuality "1"]
[TimeControl "40/5400+30:1800+30"]

1. d4 d5 2. c4 dxc4 3. e3 Nf6 4. Bxc4 e6 5. Nf3 a6 6. O-O c5 7. Nbd2 cxd4 {[%emt 0:02:08] D27: Queen's Gambit Accepted: Classical main line: 7 e4!? and 7 a4.} 8. Nxd4 Be7 9. b3 b5 10. Be2 Bb7 11. Bb2 Nc6 {[%emt 0:10:21] [#]} 12. Bf3 $146 ({Predecessor:} 12. Rc1 Nxd4 13. Bxd4 O-O 14. Nf3 Nd5 15. Qd2 Bf6 16. Ne5 Bxe5 17. Bxe5 Nf4 18. Qd1 {½-½ (49) Chu,B-Nguyen,T Ho Chi Minh City 2001}) 12... Qd7 13. Nxc6 Bxc6 14. Rc1 Bxf3 15. Nxf3 {[%emt 0:00:24] Threatens to win with Qxd7+.} Qxd1 16. Rfxd1 O-O 17. Ne5 Rfd8 (17... Rfc8 {seems wilder.} 18. Nc6 Bf8 19. Rc2 a5) 18. Rxd8+ Bxd8 19. Kf1 Kf8 20. Ke2 Ke8 21. g4 Nd5 22. Nd3 Bf6 23. Bxf6 Nxf6 $14 {[%emt 0:00:06][%mdl 4096] Endgame KRN-KRN} 24. g5 Nd7 25. e4 Kd8 26. Ke3 {[%emt 0:04:16] White is more active.} Rc8 27. Rxc8+ Kxc8 $16 {[%emt 0:02:43] [#] KN-KN} 28. Kd4 $1 Nb8 29. Ne5 f6 30. gxf6 gxf6 31. Nd3 ({White should play} 31. Ng4 $16) 31... Kc7 $1 $11 32. Nc5 Kd6 {[%emt 0:00:51] The position is equal.} 33. Nb7+ Kc6 34. Nd8+ Kd7 35. Nf7 Ke7 36. Nh6 Kd6 37. Nf7+ Ke7 38. Nh6 Kd6 39. Nf7+ {[%emt 0:02:15] Weighted Error Value: White=0.06 (flawless) /Black=0.04 (flawless)} 1/2-1/2